 Dungeon Crawl Stone Soup version 0.29-a0-334-gb41bcbb86e (webtiles) character file.

Game seed: 17418247659860838120

28 Jortsu the Skirmisher (level 2, 29/29 HPs)
             Began as a Troll Fighter on Apr 15, 2022.
             Was a Follower of Vehumet.
             Quit the game on level 1 of the Dungeon.
             The game lasted 00:00:52 (640 turns).

Jortsu the Skirmisher (Troll Fighter)                Turns: 640, Time: 00:00:52

Health: 29/29      AC:  4    Str: 23    XL:     2   Next: 96%
Magic:  1/1        EV:  8    Int:  4    God:    Vehumet [*.....]
Gold:   45         SH:  7    Dex:  9    Spells: 1/1 levels left

rFire   . . .      SeeInvis .   a - +0 flail
rCold   . . .      Faith    .   c - +0 kite shield
rNeg    . . .      Spirit   .   b - +0 robe
rPois   .          Reflect  .   (helmet restricted)
rElec   .          Harm     .   (no cloak)
rCorr   .          Rampage  .   (gloves unavailable)
Will    .....                   (boots unavailable)
Stlth   +.........              (no amulet)
HPRegen 0.89/turn               (no ring)
MPRegen 0.07/turn               (no ring)

@: no status effects
A: large, unfitting armour, claws 3, regeneration 1, shaggy fur 1, tough skin 1
a: Renounce Religion


You were on level 1 of the Dungeon.
You worshipped Vehumet.
Vehumet was aware of your devotion.
You visited 1 branch of the dungeon, and saw 1 of its levels.

You collected 45 gold pieces.

Inventory:

Hand Weapons
 a - a +0 flail (weapon)
Armour
 b - a +0 robe (worn)
 c - a +0 kite shield (worn)
Scrolls
 e - a scroll of teleportation {unknown}
 f - a scroll of torment {unknown}
Potions
 d - a potion of might
 g - a potion of curing {unknown}


   Skills:
 + Level 2.7 Fighting
 + Level 2.0 Maces & Flails
 + Level 2.7 Dodging
 + Level 0.1 Stealth
 + Level 2.7 Shields


You had one spell level left.
You didn't know any spells.
Your spell library was empty.

Dungeon Overview and Level Annotations

Branches:
Dungeon (1/15)

Altars:
Vehumet


Innate Abilities, Weirdness & Mutations

You are too large for most types of armour.
You have claws for hands.
Your natural rate of healing is unusually fast.
You are covered in fur. (AC +1)
You have tough skin. (AC +1)


Message History

Found 4 poisoned darts.
A rat is nearby!
The rat barely misses you.
You hit the rat.
You kill the rat!
An endoplasm comes into view.
Found a hunting sling.
You see here a rat corpse.
An endoplasm is nearby!
The endoplasm quivers.
A kobold comes into view. It is wielding a +0 short sword.
You hit the endoplasm.
The endoplasm is lightly wounded.
The endoplasm hits you.
You hit the endoplasm.
The endoplasm is heavily wounded.
The endoplasm hits you but does no damage.
The endoplasm freezes you.
You are frozen.
You sock the endoplasm!
You kill the endoplasm!
The kobold barely misses you.
The kobold hits you with a +0 short sword.
You closely miss the kobold. The kobold hits you but does no damage.
You barely miss the kobold. The kobold closely misses you.
You block the kobold's attack.
You miss the kobold. The kobold hits you but does no damage.
You sock the kobold!
You kill the kobold!
You see here a +0 short sword.
You open the door.
There is an open door here.
Found a faded altar of an unknown god.
There is a faded altar of an unknown god here.
You cannot tell which god this altar belongs to.
Convert to them anyway?
Vehumet accepts your prayer! Vehumet welcomes you!
You can now gain magical power from killing.
Vehumet offers you knowledge of Foxfire.
Are you sure you want to abandon this character and quit the game? (Confirm with "yes".)

.#######################
.......@...............#
######################.#
#.# ############'#
#........#....
#........#....
#........#.†..
#........#....
#........#....


There were no monsters in sight!

Vanquished Creatures
  3 dart slugs (D:1)
  3 endoplasms (D:1)
  2 goblins (D:1)
  2 hobgoblins (D:1)
  2 quokkas (D:1)
  A ball python (D:1)
  2 bats (D:1)
  2 frilled lizards (D:1)
  A kobold (D:1)
  4 rats (D:1)
22 creatures vanquished.

Notes
Turn   | Place    | Note
-------+----------+-------------------------------------------
     0 | D:1      | Jortsu the Troll Fighter began the quest for the Orb.
     0 | D:1      | Reached XP level 1. HP: 22/22 MP: 0/0
   209 | D:1      | Reached XP level 2. HP: 29/29 MP: 1/1
   631 | D:1      | Found a faded altar of an unknown god.
   639 | D:1      | Prayed at the altar of an unknown god.
   639 | D:1      | Became a worshipper of Vehumet
   639 | D:1      | Reached * piety under Vehumet
   639 | D:1      | Offered knowledge of Foxfire by Vehumet.
   640 | D:1      | Quit the game

Illustrated notes

Levels and vault maps discovered:
D:1:      nicolae_arrival_somewhat_less_tricky_arrival, layout_basic,
          basic_ecumenical_altar

Skill      XL: |  1  2 |
---------------+-------+-----
Maces & Flails | 2 |  2.0
Fighting       | |  2.7
Dodging        | |  2.7
Stealth        | |  0.1
Shields        | |  2.7

Action                   || total
-------------------------++-------
Melee: Flail             ||    53
 Stab: Sleeping          ||     1
Armor: Robe              ||    30
Dodge: Dodged            ||    26
Block: Kite shield       ||    16

Table legend: (Time is in decaauts)
 A = Elapsed time spent in this place.
 B = Non-inter-level travel time spent in this place.
 C = Inter-level travel time spent in this place.
 D = Time resting spent in this place.
 E = Time spent auto-exploring this place.
 F = Levels seen in this place.
 G = Mean time per level.
                   A        B        C        D        E       F      G
               +--------+--------+--------+--------+--------+-----+--------+
         Total |    663 |    663 |      0 |      0 |    496 |   1 |  663.0 |
       Dungeon |    663 |    663 |      0 |      0 |    496 |   1 |  663.0 |
               +--------+--------+--------+--------+--------+-----+--------+

Top non-repeatable levels by time:
     D:1: 663 daAuts
